Selects Armored Battlegroup
Selects Assault Engineers
Construct Weapon Support Center
Construct Weapon Support Center
Mechanized Support Center
Construct Medical Station
M3 Armored Personnel Carrier
Selects Strength in Steel
M3 Armored Personnel Carrier
M3 Armored Personnel Carrier
Selects UNKNOWN (2160077)
Selects M31 Recovery Vehicle
M4A3E8 Sherman Easy Eight
M4A3E8 Sherman Easy Eight
M4A3E8 Sherman Easy Eight
M1918 Browning Automatic Rifles